 Dungeon Crawl Stone Soup version 0.26-a0-639-g72c4674329 (webtiles) character file.

Game seed: 2670587746553809478

1947 night the Slicer (level 9, -7/58 HPs)
             Began as a Kobold Berserker on Sept 27, 2020.
             Was an Elder of Trog.
             Mangled by a swamp worm (17 damage)
             ... on level 7 of the Dungeon.
             The game lasted 00:17:32 (7680 turns).

night the Slicer (Kobold Berserker)                 Turns: 7680, Time: 00:17:32

Health: -7/58      AC:  9    Str: 17    XL:     9   Next: 41%
Magic:  0/9        EV: 15    Int:  8    God:    Trog [****..]
Gold:   216        SH:  6    Dex: 15    Spells: 8/8 levels left

rFire    . . .     SeeInvis +   L - +1 long sword (drain)
rCold    . . .     Faith    .   w - +0 buckler
rNeg     . . .     Spirit   +   k - +0 scale mail
rPois    .         Reflect  .   (no helmet)
rElec    .         Harm     .   h - +2 cloak
rCorr    .         Rampage  .   (no gloves)
MR       +....                  (no boots)
Stlth    +.........             E - amulet of guardian spirit
HPRegen  0.19/turn              g - ring of see invisible
MPRegen  0.11/turn              I - ring of protection from magic

@: berserk cooldown, slowed, very slow
A: small, nightstalker 3
a: Berserk, Trog's Hand, Brothers in Arms, Renounce Religion


You were on level 7 of the Dungeon.
You worshipped Trog.
Trog was greatly pleased with you.
You visited 2 branches of the dungeon, and saw 8 of its levels.

You collected 321 gold pieces.
You spent 105 gold pieces at shops.

Inventory:

Hand Weapons
 a - a +0 short sword
 C - a +0 long sword
 L - a +1 long sword of draining (weapon)
Missiles
 c - 287 stones (quivered)
 e - 32 poisoned darts
 j - 96 sling bullets
 t - 25 bolts
 G - 2 curare-tipped darts
Armour
 h - a +2 cloak (worn)
 k - a +0 scale mail (worn)
 w - a +0 buckler (worn)
Jewellery
 g - a ring of see invisible (left hand)
 y - an uncursed ring of protection from fire
 E - an amulet of guardian spirit (around neck)
 I - a ring of protection from magic (right hand)
 J - an uncursed ring of fire {unknown}
 O - an uncursed ring of protection from cold {unknown}
Wands
 K - a wand of flame (18)
 N - a wand of random effects (23)
Scrolls
 f - 3 scrolls of enchant armour {unknown}
 l - 3 scrolls of identify
 n - 3 scrolls of immolation
 p - a scroll of remove curse
 x - a scroll of random uselessness
 A - 5 scrolls of teleportation
 B - a scroll of blinking
 F - a scroll of enchant weapon {unknown}
 H - a scroll of fog
 M - a scroll of fear
Potions
 b - 2 potions of berserk rage {unknown}
 d - a potion of magic
 i - 3 potions of lignification {unknown}
 m - 2 potions of mutation {unknown}
 o - 2 potions of curing
 q - 2 potions of flight {unknown}
 s - 2 potions of stabbing {unknown}
 u - 2 potions of might
 v - a potion of cancellation {unknown}
 z - a potion of invisibility {unknown}
 D - 5 potions of degeneration {unknown}


   Skills:
 + Level 7.7 Fighting
 + Level 9.2 Short Blades
 - Level 1.5 Armour
 + Level 6.6 Dodging
 + Level 4.3 Shields


You had 8 spell levels left.
You didn't know any spells.
Your spell library contained the following spells:

 Spells                   Type           Power        Failure   Level
 Animate Skeleton         Necr           #.....       86%         1
 Corona                   Hex            #......      86%         1
 Pain                     Necr           #...         86%         1
 Ensorcelled Hibernation  Hex/Ice        #.....       95%         2
 Confusing Touch          Hex            #.......     99%         3
 Dazzling Flash           Conj/Hex       #.....       99%         3
 Gell's Gravitas          Tloc           #.........   99%         3
 Tukima's Dance           Hex            #.......     99%         3
 Vampiric Draining        Necr           #.........   99%         3
 Animate Dead             Necr           #.........   100%        4
 Petrify                  Tmut/Erth      #.......     100%        4
 Agony                    Necr           #.......     100%        5
 Metabolic Englaciation   Hex/Ice        #.........   100%        5
 Yara's Violent Unravell  Hex/Tmut       #.........   100%        5


Dungeon Overview and Level Annotations

Branches:
Dungeon (7/15)             Temple (1/1) D:7

Altars:
Cheibriados
Dithmenos
Elyvilon
Fedhas
Gozag
Hepliaklqana
Kikubaaqudgha
Makhleb
Nemelex Xobeh
Okawaru
Qazlal
Ru
Uskayaw
Vehumet
Wu Jian
Xom
Yredelemnul
Zin
The Shining One

Shops:
D:5 ?


Innate Abilities, Weirdness & Mutations

You are small and have problems with some larger weapons.
You are completely attuned to the shadows.


Message History

You drain the swamp worm.
The swamp worm is lightly wounded.
The swamp worm fires a harpoon shot at you.
The harpoon shot misses you.
You closely miss the swamp worm.
The swamp worm is lightly wounded.
The swamp worm bites you!
* * * LOW HITPOINT WARNING * * *
The swamp worm fires a harpoon shot at you.
The harpoon shot misses you. The swamp worm bites you!
* * * LOW HITPOINT WARNING * * *
You feel much better. The swamp worm completely misses you.
The swamp worm closely misses you.
You riposte.
You barely miss the swamp worm.
The swamp worm is almost dead.
You block the swamp worm's attack. The swamp worm bites you!
* * * LOW HITPOINT WARNING * * *
You feel better. You block the swamp worm's attack. The swamp worm bites you!
* * * LOW HITPOINT WARNING * * *
The swamp worm bites you!!
You die...

..#.##....
#.####
#.#...>.
#.# #.#.#.
#.# #.#
#.# ..
..##.#
#.##.#
#####.##.#
.$.[#w##.#
#...w@)..#
#...#[####
......#
≈.##### ≈.


You could see 2 swamp worms.

Vanquished Creatures
  Pikel (D:6)
  3 ogres
  Blork the orc (D:6)
  2 bullfrogs (D:6)
  3 scorpions
  Dowan (D:7)
  A bullfrog zombie (D:5)
  An orc priest (D:7)
  A hound (D:6)
  A jelly (D:5)
  7 orc wizards
  2 iguanas
  Terence (D:3)
  4 worker ants
  A killer bee zombie (D:6)
  A hound skeleton (D:7)
  3 gnolls (D:3)
  A howler monkey skeleton (D:5)
  3 adders
  2 white imps
  2 ufetubi
  5 oozes
  An adder zombie (D:5)
  4 worms
  4 dart slugs
  A leopard gecko (D:5)
  18 orcs
  3 bat zombies (D:3)
  6 giant cockroaches
  13 goblins
  9 hobgoblins
  9 jackals
  9 kobolds
  4 quokkas
  2 ball pythons
  9 bats
  3 frilled lizards
  A leopard gecko zombie (D:6)
  11 rats
  2 rat zombies (D:3)
156 creatures vanquished.

Vanquished Creatures (collateral kills)
  Duvessa (D:7)
  An adder skeleton (D:7)
2 creatures vanquished.

Vanquished Creatures (others)
  3 plants (D:7)
3 creatures vanquished.

Grand Total: 161 creatures vanquished

Notes
Turn   | Place    | Note
-------+----------+-------------------------------------------
     0 | D:1      | night the Kobold Berserker began the quest for the Orb.
     0 | D:1      | Reached XP level 1. HP: 14/14 MP: 1/1
    74 | D:1      | HP: 2/14 [dart slug/slug dart (7)]
   399 | D:1      | Reached XP level 2. HP: 20/20 MP: 2/2
   690 | D:1      | Reached XP level 3. HP: 22/24 MP: 3/3
   876 | D:1      | Reached ** piety under Trog
  1063 | D:1      | Reached skill level 5 in Short Blades
  1442 | D:2      | Reached XP level 4. HP: 29/29 MP: 4/4
  2249 | D:3      | Reached XP level 5. HP: 34/34 MP: 5/5
  2476 | D:3      | Reached skill level 5 in Fighting
  2494 | D:3      | Reached *** piety under Trog
  2494 | D:3      | Reached skill level 6 in Short Blades
  2827 | D:3      | Noticed Terence
  2834 | D:3      | Killed Terence
  2901 | D:3      | Reached skill level 1 in Shields
  3088 | D:3      | Reached XP level 6. HP: 37/40 MP: 6/6
  3121 | D:3      | Found an ancient bone altar of Kikubaaqudgha.
  3448 | D:3      | Found a shadowy altar of Dithmenos.
  3940 | D:4      | Found a blossoming altar of Fedhas.
  4584 | D:5      | Entered Level 5 of the Dungeon
  4594 | D:5      | Reached XP level 7. HP: 44/44 MP: 7/7
  4856 | D:5      | Reached skill level 2 in Shields
  4948 | D:5      | Found Dodaeja's Magic Scroll Shoppe.
  4953 | D:5      | Bought a scroll of blinking for 105 gold pieces
  4972 | D:5      | Reached skill level 7 in Short Blades
  4992 | D:5      | Reached **** piety under Trog
  6002 | D:6      | Reached XP level 8. HP: 51/51 MP: 6/8
  6256 | D:6      | Reached skill level 5 in Dodging
  6305 | D:6      | Reached skill level 8 in Short Blades
  6360 | D:6      | Noticed Blork the orc
  6484 | D:6      | Killed Blork the orc
  6802 | D:6      | Noticed Pikel
  6813 | D:6      | Killed Pikel
  6813 | D:6      | Reached XP level 9. HP: 53/57 MP: 9/9
  7097 | D:7      | Found a staircase to the Ecumenical Temple.
  7097 | D:7      | Noticed Dowan
  7098 | D:7      | Noticed Duvessa
  7104 | D:7      | Killed Dowan
  7121 | D:7      | Killed Duvessa
  7121 | D:7      | Reached skill level 9 in Short Blades
  7171 | Temple   | Entered the Ecumenical Temple
  7678 | D:7      | HP: 6/58 [swamp worm (7)]
  7680 | D:7      | Mangled by a swamp worm

Illustrated notes

Levels and vault maps discovered:
D:1:      dpeg_arrival_connections, layout_basic
D:2:      minmay_alternating_diamond, layout_basic
D:3:      layout_loops_cross, lemuel_zombie_altar_kikubaaqudgha,
          nicolae_dithmenos_through_a_glass_darkly, minmay_mini_jars,
          uniq_terence
D:4:      wander_river, layout_loops_ring, fedhas_altar_2
D:5:      layout_basic, serial_shops, nicolae_shop_behind_doors
D:6:      layout_basic, uniq_blork_the_orc, uniq_pikel
D:7:      layout_loops_cross, temple_statues, worms_lemuel, uniq_duvessa
Temple:   regret_index_temple_sphere_string

Skill      XL: |  1  2  3  4  5  6  7  8  9 |
---------------+----------------------------+-----
Fighting       | 4 5 6 7 |  7.7
Short Blades   | 5 6 7 8 9 |  9.2
Shields        | 1 2 3 4 |  4.3
Dodging        | 3 4 6 |  6.6
Armour         | |  1.5

Action                   |  1- 3 |  4- 6 |  7- 9 || total
-------------------------+-------+-------+-------++-------
Melee: Short sword       |   127 |   225 |   242 ||   594
       Long sword        |       |       |    50 ||    50
Invok: Berserk           |     5 |    11 |    16 ||    32
       Brothers in Arms  |       |       |     1 ||     1
  Use: Scroll            |     3 |     6 |     1 ||    10
       Potion            |     4 |       |     2 ||     6
 Stab: Sleeping          |     3 |       |       ||     3
Armor: Scale mail        |    36 |    55 |    61 ||   152
       Animal skin       |     2 |       |       ||     2
Dodge: Dodged            |    71 |    86 |   128 ||   285
Block: Buckler           |       |    21 |    52 ||    73
       Rpst.: Long sword |       |       |     5 ||     5

Table legend: (Time is in decaauts)
 A = Elapsed time spent in this place.
 B = Non-inter-level travel time spent in this place.
 C = Inter-level travel time spent in this place.
 D = Time resting spent in this place.
 E = Time spent auto-exploring this place.
 F = Levels seen in this place.
 G = Mean time per level.
                   A        B        C        D        E       F      G
               +--------+--------+--------+--------+--------+-----+--------+
         Total |   7878 |   7610 |    268 |   1408 |   4980 |   8 |  984.8 |
       Dungeon |   7612 |   7372 |    240 |   1408 |   4743 |   7 | 1087.4 |
        Temple |    265 |    237 |     28 |      0 |    237 |   1 |  265.0 |
               +--------+--------+--------+--------+--------+-----+--------+

Top non-repeatable levels by time:
     D:3: 1329 daAuts
     D:6: 1305 daAuts
     D:5: 1264 daAuts
     D:1: 1215 daAuts
     D:4: 1077 daAuts
     D:2: 1043 daAuts
     D:7: 375 daAuts
  Temple: 265 daAuts
